 Dungeon Crawl Stone Soup version 0.30-a0-557-ge2afbf3030 (webtiles) character file.

Game seed: 7620464912942864673

551 Shayle the Ducker (level 7, -1/43 HPs)
             Began as a Tengu Reaver on Dec 27, 2022.
             Was an Initiate of Kikubaaqudgha.
             Slain by an iguana (8 damage)
             ... on level 5 of the Dungeon.
             The game lasted 00:10:14 (3628 turns).

Shayle the Ducker (Tengu Reaver)                    Turns: 3628, Time: 00:10:15

Health: -1/43      AC:  3    Str: 12    XL:     7   Next: 29%
Magic:  11/11      EV: 15    Int: 16    God:    Kikubaaqudgha [......]
Gold:   170        SH:  0    Dex: 12    Spells: 9/10 levels left

rFire   . . .      SeeInvis .    u - +0 falchion (heavy)
rCold   . . .      Faith    .    (no shield)
rNeg    . . .      Spirit   .    b - +0 leather armour
rPois   .          Reflect  .    (helmet restricted)
rElec   .          Harm     .    (no cloak)
rCorr   .          Rampage  .    (no gloves)
Will    .....                    (boots unavailable)
Stlth   ++                       (no amulet)
HPRegen 0.27/turn                (no ring)
MPRegen 0.12/turn                (no ring)

@: flying quickly and evasively, quick
A: beak, talons 3, nimble flight
a: Renounce Religion


You were on level 5 of the Dungeon.
You worshipped Kikubaaqudgha.
Kikubaaqudgha was noncommittal.
You visited 2 branches of the dungeon, and saw 6 of its levels.

You collected 170 gold pieces.

Inventory:

Hand Weapons
 a - a +0 spear
 u - a +0 heavy falchion (weapon)
Armour
 b - a +0 leather armour (worn)
Wands
 h - a wand of flame (20)
 w - a wand of polymorph (5)
Scrolls
 e - a scroll of identify
 f - a scroll of silence {unknown}
 g - a scroll of immolation {unknown}
 k - a scroll of magic mapping {unknown}
 n - 2 scrolls of teleportation {unknown}
 q - 3 scrolls of noise {unknown}
 r - 2 scrolls of amnesia {unknown}
 s - a scroll of enchant weapon {unknown}
 v - a scroll of fear {unknown}
 x - a scroll of torment {unknown}
Potions
 c - 2 potions of degeneration
 d - 2 potions of brilliance
 i - 2 potions of mutation
 j - a potion of might {unknown}
 l - a potion of flight {unknown}
 m - a potion of resistance {unknown}
 o - 2 potions of attraction {unknown}
 p - a potion of lignification {unknown}
 t - a potion of berserk rage {unknown}


   Skills:
 + Level 4.2 Fighting
 - Level 3.2 Polearms
 + Level 4.5 Dodging
 + Level 3.9 Stealth
 - Level 2.0 Spellcasting
 - Level 4.0 Conjurations
 + Level 3.8 Necromancy


You had 9 spell levels left.
You knew the following spells:

 Your Spells              Type           Power      Damage    Failure   Level
a - Kiss of Death         Conj/Necr      56%        2d9       5%          1

Your spell library contained the following spells:

 Spells                   Type           Power      Damage    Failure   Level
 Necrotise                Necr           56%        1d6       5%          1
 Shock                    Conj/Air       32%        1d5       12%         1
 Momentum Strike          Conj/Tloc      16%        3d8       17%         2
 Static Discharge         Conj/Air       16%        2-3/arc   17%         2
 Apportation              Tloc           2%         N/A       26%         1
 Hailstorm                Conj/Ice       8%         3d4       34%         3
 Vhi's Electric Charge    Tloc/Air       2%         N/A       61%         3
 Petrify                  Tmut/Erth      1%         N/A       95%         4
 Arcjolt                  Conj/Air       4%         1d14      97%         5
 Lightning Bolt           Conj/Air       4%         1d15      97%         5
 Alistair's Intoxication  Tmut/Pois      0%         N/A       100%        5
 Metabolic Englaciation   Hex/Ice        0%         N/A       100%        5
 Statue Form              Tmut/Erth      0%         N/A       100%        6


Dungeon Overview and Level Annotations

Branches:
Dungeon (5/15)             Temple (1/1) D:5

Altars:
Dithmenos
Elyvilon
Fedhas
Gozag
Hepliaklqana
Kikubaaqudgha
Makhleb
Nemelex Xobeh
Okawaru
Ru
Sif Muna
Trog
Uskayaw
Vehumet
Yredelemnul
The Shining One


Innate Abilities, Weirdness & Mutations

You have a beak for a mouth.
You have claws for feet.
Your magical nature lets you fly swiftly and evasively.


Message History

Your peck misses the iguana. You punch the iguana.
The iguana is heavily wounded.
The iguana misses you. The iguana closely misses you.
The dart slug launches a dart at you. The slug dart hits you.
You hit the iguana but do no damage. Your kick misses the iguana.
The iguana is heavily wounded.
The iguana closely misses you. The dart slug launches a dart at you.
The slug dart hits you.
The iguana bites you but does no damage.
The iguana barely misses you.
You hit the iguana but do no damage. Your kick misses the iguana.
The iguana is heavily wounded.
The iguana barely misses you. The iguana completely misses you.
The dart slug bites you. The iguana completely misses you.
The iguana hisses menacingly.
The iguana barely misses you.
The dart slug bites you but does no damage.
You closely miss the iguana. You claw the iguana, but do no damage.
The iguana is heavily wounded.
The iguana misses you. The iguana completely misses you.
The dart slug misses you. The iguana barely misses you.
The iguana closely misses you.
You closely miss the iguana. You claw the iguana.
You peck the iguana, but do no damage.
The iguana is severely wounded.
The iguana completely misses you. The iguana bites you!
The dart slug misses you. The iguana closely misses you.
The iguana barely misses you.
You closely miss the iguana. You claw the iguana.
The iguana is severely wounded.
The dart slug launches a dart at you.
The slug dart hits you but does no damage.
The iguana bites you! x2
* * * LOW HITPOINT WARNING * * *
The dart slug barely misses you. The iguana closely misses you.
The iguana bites you!
You die...
Kikubaaqudgha rasps: "You have failed me!
Welcome... death!"

####### #.. ##.....# #..#
....⌠8.# #..# .......##..#
# ..>.⌠8.#..######### .##
.........# #....l.##...#
.##.⌠8..## #=...@w...#
.....[..# #.....l#.##
.......## ##......# ##~~
.......####..../..# #.~≈~
.......#..........# ~#≈≈≈~
.........###.<....##≈≈≈≈..
.......### #.......~~≈#≈.
.......# #....>.~≈≈≈≈≈#[
.......# #.....~~≈≈#≈~~$


You could see 2 iguanas and a dart slug.

Vanquished Creatures
  A necrophage (D:4)
  A scorpion (D:5)
  3 hounds
  An orc priest (D:3)
  A jelly (D:5)
  Ijyb (D:4)
  Jessica (D:2)
  An orc wizard (D:3)
  A gnoll (D:1)
  8 adders
  2 worms
  6 dart slugs
  6 orcs
  4 ball pythons
  4 bats
  5 endoplasms
  12 goblins
  4 hobgoblins
  8 jackals
  9 quokkas
  A frilled lizard (D:2)
  8 kobolds
  22 rats
110 creatures vanquished.

Notes
Turn   | Place    | Note
-------+----------+-------------------------------------------
     0 | D:1      | Shayle the Tengu Reaver began the quest for the Orb.
     0 | D:1      | Reached XP level 1. HP: 12/12 MP: 4/4
   105 | D:1      | Reached XP level 2. HP: 11/17 MP: 6/6
   182 | D:1      | Reached skill level 1 in Stealth
   208 | D:1      | Reached skill level 1 in Necromancy
   250 | D:1      | Found a faded altar of an unknown god.
   259 | D:1      | Got Plato's Parchment of Ozone
   323 | D:1      | Reached XP level 3. HP: 18/22 MP: 7/7
  1146 | D:2      | Reached XP level 4. HP: 26/27 MP: 8/8
  1262 | D:2      | You fall into a shaft and drop 2 floors!
  1278 | D:4      | Noticed a bullfrog
  1448 | D:2      | Upgraded the game from 0.30-a0-553-g7fabdf1491 to
                  | 0.30-a0-557-ge2afbf3030
  1635 | D:2      | Gained mutation: Your magical nature lets you fly swiftly
                  | and evasively. [Tengu growth]
  1635 | D:2      | Reached XP level 5. HP: 32/32 MP: 9/9
  1645 | D:2      | Noticed Jessica
  1676 | D:2      | Killed Jessica
  1751 | D:2      | Got Jessica's Textbook on Gloom
  2224 | D:3      | Reached XP level 6. HP: 17/37 MP: 10/10
  2424 | D:3      | Found a basalt altar of Yredelemnul.
  2523 | D:3      | Found an iron altar of Okawaru.
  2725 | D:3      | Found a shimmering blue altar of Sif Muna.
  2737 | D:3      | Found a burning altar of Makhleb.
  3279 | D:4      | Noticed Ijyb
  3294 | D:4      | Killed Ijyb
  3332 | D:5      | Entered Level 5 of the Dungeon
  3339 | D:5      | Reached XP level 7. HP: 30/43 MP: 11/11
  3340 | D:5      | Found a staircase to the Ecumenical Temple.
  3362 | Temple   | Entered the Ecumenical Temple
  3515 | Temple   | Became a worshipper of Kikubaaqudgha
  3628 | D:5      | Slain by an iguana

Illustrated notes

Levels and vault maps discovered:
D:1:      kilobyte_arrival_exit_the_forest, layout_basic,
          shapermc_ecumenical_altar_rom_forum, minmay_rat_gold_closets
D:2:      layout_basic, kennysheep_jessica_study
D:3:      layout_rooms, amethyst_overflow_temple_binary, lemuel_doored_altar,
          okawaru_ov_weapons_minmay, hangedman_abyss_or_decor_stabs,
          minmay_vboxes
D:4:      layout_cave_pods, uniq_crazy_yiuf_cottage, uniq_ijyb
D:5:      kennysheep_slugbush, layout_rooms,
          minmay_temple_entry_drinking_statues
Temple:   chequers_temple_sunken

Skill      XL: |  1  2  3  4  5  6 |
---------------+-------------------+-----
Stealth        | 1 2 3 |  3.9
Necromancy     | 1 2 3 |  3.8
Dodging        | 3 4 |  4.5
Fighting       | 3 4 |  4.2
Polearms       | |  3.2
Spellcasting   | |  2.0
Conjurations   | |  4.0

Action                   |  1- 3 |  4- 6 |  7- 9 || total
-------------------------+-------+-------+-------++-------
Melee: Spear             |    94 |   156 |       ||   250
       Kick              |    27 |    44 |    11 ||    82
       Peck              |     6 |    25 |     5 ||    36
       Punch             |       |     1 |     2 ||     3
       Falchion          |       |    33 |    23 ||    56
       Unarmed           |       |     9 |       ||     9
  Use: Scroll            |       |     3 |       ||     3
 Stab: Sleeping          |     4 |     4 |       ||     8
       Confused          |       |     2 |       ||     2
Armor: Leather armour    |     9 |    43 |     5 ||    57
Dodge: Dodged            |    49 |   142 |    37 ||   228

Table legend: (Time is in decaauts)
 A = Elapsed time spent in this place.
 B = Non-inter-level travel time spent in this place.
 C = Inter-level travel time spent in this place.
 D = Time resting spent in this place.
 E = Time spent auto-exploring this place.
 F = Levels seen in this place.
 G = Mean time per level.
                   A        B        C        D        E       F      G
               +--------+--------+--------+--------+--------+-----+--------+
         Total |   3529 |   3422 |    107 |    388 |   1877 |   6 |  588.2 |
       Dungeon |   3367 |   3274 |     93 |    388 |   1741 |   5 |  673.4 |
        Temple |    162 |    148 |     14 |      0 |    135 |   1 |  162.0 |
               +--------+--------+--------+--------+--------+-----+--------+

Top non-repeatable levels by time:
     D:1: 1054 daAuts
     D:2: 969 daAuts
     D:3: 663 daAuts
     D:4: 540 daAuts
  Temple: 162 daAuts
     D:5: 139 daAuts
